 Dungeon Sprint DCSS version 0.20-a0-1122-gb7cbeb9 (webtiles) character file.

22469 potatolord6000 the Peltast (level 13, -1/121 HPs)
             Began as a Formicid Fighter on May 12, 2017.
             Was an Initiate of Gozag.
             Succumbed to Aizul's poison arrow
             ... in the Dungeon (Sprint IX: "|||||||||||||||||||||||||||||").
             The game lasted 00:19:03 (2305 turns).

potatolord6000 the Peltast (Formicid Fighter)       Turns: 2305, Time: 00:19:04

Health: -1/121     AC: 27    Str: 38    XL:     13   Next: 27%
Magic:  22/22      EV: 15    Int: 10    God:    Gozag
Gold:   2310       SH: 17    Dex: 16    Spells: 12/12 levels left

rFire    + . .     SeeInvis +   f - +8 mace of the Four Shrikes {crush, MP+9 Str+4}
rCold    + + +     Gourm    .   c - +0 shield
rNeg     + + .     Faith    .   g - +1 plate armour of True Grit {rElec rC+ rN+ Regen+}
rPois    +         Spirit   .   (helmet unavailable)
rElec    +         Reflect  .   (no cloak)
rCorr    +         Harm     .   p - +2 pair of gloves {archery}
MR       +....                  w - +0 pair of boots
Stlth    ..........             (no amulet)
Regen    0.7/turn               b - ring of the Octopus King {Wiz AC+1 EV+1 Str+1 Int+1 Dex+1}
MPRegen  0.2/turn               v - ring of Urefatiwn {*Corrode rC+ rN+ Str+3 Stlth+}

@: mighty, agile, lethally poisoned (-1 -> -40), resistant, gold aura
A: permanent stasis, dig shafts and tunnels, four strong arms, antennae 3, thin
metallic scales 1, deterioration 1, mutation resistance 1
a: Dig, Potion Petition, Call Merchant, Bribe Branch, Renounce Religion


You were in the Dungeon.
You worshipped Gozag.
Gozag was most pleased with you.
You were hungry.

You visited 1 branch You collected 10126 gold pieces.
You spent 2841 gold pieces at shops.
You paid 4975 gold pieces to Gozag.

Inventory:

Hand Weapons
 f - the +8 mace of the Four Shrikes (weapon) {crush, MP+9 Str+4}
   (You bought it in a shop in the Dungeon)

   It inflicts extra damage upon your enemies.
   It affects your strength (+4).
   It affects your magic capacity (+9).
Armour
 c - a +0 shield (worn)
 g - the +1 plate armour of True Grit (worn) {rElec rC+ rN+ Regen+}
   (You bought it in a shop in the Dungeon)

   It protects you from cold.
   It insulates you from electricity.
   It protects you from negative energy.
   It increases your rate of regeneration.
 p - a +2 pair of gloves of archery (worn)
 w - a +0 pair of boots (worn)
Jewellery
 b - a ring of the Octopus King (left hand) {Wiz AC+1 EV+1 Str+1 Int+1 Dex+1}
   (You bought it in a shop in the Dungeon)

   [ring of wizardry]

   It improves your spell success rate.
   It affects your AC (+1).
   It affects your evasion (+1).
   It affects your strength (+1).
   It affects your intelligence (+1).
   It affects your dexterity (+1).
 v - the ring of Urefatiwn (right hand) {*Corrode rC+ rN+ Str+3 Stlth+}
   (You bought it in a shop in the Dungeon)

   [ring of stealth]

   It affects your strength (+3).
   It protects you from cold.
   It protects you from negative energy.
   It may corrode you when you take damage.
   It makes you more stealthy.
Wands
 y - a wand of digging (9/24)
Scrolls
 k - 4 scrolls of blinking
 l - 4 scrolls of remove curse
 m - 2 scrolls of amnesia
 s - a scroll of recharging
 t - a scroll of identify
 u - 4 scrolls of fog
 x - 2 scrolls of enchant armour
Potions
 d - 2 potions of invisibility
 h - a potion of haste
 i - 4 potions of magic
 j - 2 potions of berserk rage
 r - a potion of brilliance
Comestibles
 n - 40 fruits
 o - 12 bread rations
 q - 12 meat rations


   Skills:
 + Level 17.5 Fighting
 + Level 16.2 Maces & Flails
 + Level 17.6 Armour
 + Level 18.9 Shields


You had 12 spell levels left.
You didn't know any spells.

Dungeon Overview and Level Annotations

Branches:
Dungeon (1/1)

Altars:
Cheibriados
Dithmenos
Elyvilon
Fedhas
Gozag
Hepliaklqana
Kikubaaqudgha
Makhleb
Nemelex Xobeh
Okawaru
Qazlal
Ru
Sif Muna
Trog
Uskayaw
Vehumet
Wu Jian
Xom
Yredelemnul
Zin
The Shining One
Beogh
Jiyva
Lugonu

Shops:
D =(=[:([(

Annotations:
D Grum


Innate Abilities, Weirdness & Mutations

You cannot be hasted, slowed, berserked, paralysed or teleported.
You can dig through walls and to a lower floor.
Your four strong arms can wield two-handed weapons with a shield.
You have a pair of large antennae on your head. (SInv)
You are partially covered in thin metallic scales. (AC +2)
Your body sometimes deteriorates upon taking damage.
You are somewhat resistant to further mutation.


Message History

You feel more agile all of a sudden.
* * * LOW HITPOINT WARNING * * *
You feel very sick.
You block Aizul's attack. x2; Grum closely misses you.
You bludgeon Aizul!!
You kill Aizul!
* * * LOW HITPOINT WARNING * * *
You feel very sick.
Okay, then.
* * * LOW HITPOINT WARNING * * *
You feel very sick. Grum misses you.
You see here 135 gold pieces.
You barely miss Grum.
* * * LOW HITPOINT WARNING * * *
You feel very sick. You block Grum's attack.
You barely miss Grum.
You die...
Your body crumbles into a pile of gold.

▓)▓.▓.▓.▓.▓.▓=▓{
▓.▓.▓.▓.▓∩▓.▓=▓.▓
▓.▓.▓.▓.▓.▓.▓=▓.▓
▓.▓.▓.▓.▓'▓.▓=▓h▓
▓.▓.▓}▓.▓)▓.▓.▓h▓
▓.▓.▓.▓.▓[▓.▓)▓h▓
▓'▓.▓.▓.▓[▓.▓)▓h▓{
▓_▓.▓.▓.▓[▓.▓)▓g▓{
▓_▓.▓.▓.▓)▓.▓)▓@▓{
{
▓_▓.▓.▓.▓[▓.▓)▓.▓{
{
▓_▓.▓∩▓.▓[▓.▓)▓.▓{
{
▓_▓.▓'▓.▓[▓.▓)▓.▓{
{
▓_▓.▓.▓.▓[▓)▓)▓.▓{
{
▓_▓.▓.▓.▓[▓.▓.▓.▓{
{ {
▓_▓.▓.▓.▓[▓.▓[▓.▓{
{
▓_▓.▓.▓.▓.▓.▓[▓.♣
{
▓_▓.▓.▓.▓.▓.▓[▓.♣{
{


You could see Grum and 4 wolves.

Vanquished Creatures
  A fire giant (D)
  Aizul (D)
  A stone giant (D)
  A fire dragon (D)
  Harold (D)
  A catoblepas (D)
  2 hydras (D)
  Erolcha (D)
  3 death yaks (D)
  A vampire mage (D)
  4 orc high priests (D)
  4 orc knights (D)
  3 orc sorcerers (D)
  2 ugly things (D)
  Maurice (D)
  An efreet (D)
  A komodo dragon (D)
  2 hippogriffs (D)
  A tarantella (shapeshifter) (D)
  A wyvern (D)
  Eustachio (D)
  A steam dragon (D)
  9 yaks (D)
  A vampire mosquito (D)
  A water moccasin (D)
  A porcupine (D)
  11 orc warriors (D)
  A sky beast (D)
  3 ice beasts (D)
  3 crocodiles (D)
  5 bullfrogs (D)
  A wight (D)
  A crimson imp (D)
  A hound (D)
  4 orc wizards (D)
  5 orc priests (D)
  An adder (D)
  An adder zombie (D)
  9 orcs (D)
  2 bat skeletons (D)
  A bat zombie (D)
  A giant cockroach (D)
  2 goblins (D)
  A hobgoblin (D)
  A kobold (D)
  A jackal zombie (D)
  A rat (D)
103 creatures vanquished.

Vanquished Creatures (others)
  A vampire knight (D)
  A sky beast (D)
  A quokka skeleton (D)
3 creatures vanquished.

Grand Total: 106 creatures vanquished

Notes
Turn   | Place    | Note
-------+----------+-------------------------------------------
     0 | D        | potatolord6000 the Formicid Fighter began the quest for the Orb.
     0 | D        | Reached XP level 1. HP: 18/18 MP: 1/1
    12 | D        | Reached skill level 4 in Shields
    23 | D        | Reached XP level 2. HP: 19/25 MP: 2/2
    97 | D        | Noticed an ice beast
    97 | D        | Noticed a sky beast
   103 | D        | Killed an ice beast
   103 | D        | Reached skill level 5 in Fighting
   103 | D        | Reached skill level 5 in Armour
   103 | D        | Reached skill level 6 in Shields
   103 | D        | Reached XP level 3. HP: 34/34 MP: 3/3
   103 | D        | Reached XP level 4. HP: 40/40 MP: 4/4
   103 | D        | Reached XP level 5. HP: 46/46 MP: 5/5
   106 | D        | Reached skill level 5 in Maces & Flails
   111 | D        | Killed a sky beast
   111 | D        | Reached skill level 8 in Shields
   111 | D        | Reached XP level 6. HP: 47/55 MP: 6/6
   117 | D        | Gained mutation: Your body sometimes deteriorates upon taking damage. [mutagenic meat]
   118 | D        | Gained mutation: You are partially covered in thin metallic scales. (AC +2) [mutagenic meat]
   120 | D        | Gained mutation: You are somewhat resistant to further mutation. [mutagenic meat]
   125 | D        | Found a roughly hewn altar of Beogh.
   125 | D        | Found a snail-covered altar of Cheibriados.
   125 | D        | Found a shadowy altar of Dithmenos.
   125 | D        | Found a white marble altar of Elyvilon.
   125 | D        | Found a blossoming altar of Fedhas.
   125 | D        | Found an opulent altar of Gozag.
   126 | D        | Found a hazy altar of Hepliaklqana.
   127 | D        | Found a viscous altar of Jiyva.
   128 | D        | Found an ancient bone altar of Kikubaaqudgha.
   129 | D        | Found a corrupted altar of Lugonu.
   130 | D        | Found a burning altar of Makhleb.
   131 | D        | Found a sparkling altar of Nemelex Xobeh.
   132 | D        | Found an iron altar of Okawaru.
   133 | D        | Became a worshipper of Gozag Ym Sagoz the Greedy
   134 | D        | Found a stormy altar of Qazlal.
   135 | D        | Found a sacrificial altar of Ru.
   136 | D        | Found a deep blue altar of Sif Muna.
   137 | D        | Found a bloodstained altar of Trog.
   138 | D        | Found a hide-covered altar of Uskayaw.
   139 | D        | Found a radiant altar of Vehumet.
   140 | D        | Found an ornate altar of the Wu Jian Council.
   141 | D        | Found a shimmering altar of Xom.
   142 | D        | Found a basalt altar of Yredelemnul.
   143 | D        | Found a glowing silver altar of Zin.
   144 | D        | Found a glowing golden altar of the Shining One.
   193 | D        | Noticed a steam dragon
   206 | D        | Killed a steam dragon
   206 | D        | Reached skill level 9 in Shields
   206 | D        | Reached XP level 7. HP: 28/63 MP: 7/7
   402 | D        | Noticed a red ugly thing
   402 | D        | Noticed a komodo dragon
   402 | D        | Noticed an efreet
   412 | D        | Killed a red ugly thing
   412 | D        | Reached skill level 10 in Shields
   412 | D        | Reached XP level 8. HP: 72/72 MP: 8/8
   421 | D        | Reached skill level 10 in Fighting
   424 | D        | Reached skill level 10 in Armour
   429 | D        | Killed a komodo dragon
   429 | D        | Reached skill level 11 in Shields
   437 | D        | Killed an efreet
   437 | D        | Reached XP level 9. HP: 54/79 MP: 9/9
   655 | D        | Bought the ring of Urefatiwn {*Corrode rC+ rN+ Str+3 Stlth+} for 400 gold pieces
   659 | D        | Noticed a hippogriff
   665 | D        | Reached skill level 10 in Maces & Flails
   668 | D        | Reached skill level 12 in Shields
   674 | D        | Killed a hippogriff
   722 | D        | Bought a ring of the Octopus King {Wiz AC+1 EV+1 Str+1 Int+1 Dex+1} for 568 gold pieces
   771 | D        | Noticed a five-headed hydra
   778 | D        | Killed a five-headed hydra
   778 | D        | Reached skill level 13 in Shields
   778 | D        | Reached XP level 10. HP: 83/90 MP: 10/10
   845 | D        | Noticed a death yak
   845 | D        | Noticed a catoblepas
   845 | D        | Noticed a death yak
   851 | D        | Reached skill level 14 in Shields
   852 | D        | Noticed a death yak
   859 | D        | Killed a death yak
   868 | D        | Killed a catoblepas
   874 | D        | Reached XP level 11. HP: 99/99 MP: 11/11
   883 | D        | Killed a death yak
   883 | D        | Reached skill level 15 in Shields
   896 | D        | Killed a death yak
   938 | D        | Bought the +8 mace of the Four Shrikes {crush, MP+9 Str+4} for 1182 gold pieces
  1109 | D        | Noticed Eustachio
  1125 | D        | Killed Eustachio
  1383 | D        | Noticed an orc knight
  1419 | D        | Killed an orc knight
  1457 | D        | Reached skill level 16 in Shields
  1504 | D        | Found Vaobb's Book Emporium.
  1504 | D        | Noticed an orc sorcerer
  1504 | D        | Noticed an orc knight
  1504 | D        | Noticed an orc high priest
  1504 | D        | Noticed an orc high priest
  1504 | D        | Noticed an orc knight
  1505 | D        | Noticed a sixfirhy
  1509 | D        | Killed an orc sorcerer
  1514 | D        | Killed an orc knight
  1514 | D        | Reached skill level 15 in Fighting
  1514 | D        | Reached skill level 15 in Armour
  1531 | D        | Noticed an orc high priest
  1533 | D        | Killed an orc high priest
  1538 | D        | Noticed a soul eater
  1538 | D        | Killed an orc high priest
  1538 | D        | Reached XP level 12. HP: 24/110 MP: 12/12
  1539 | D        | Found Jubed's Weapon Shoppe.
  1554 | D        | Found Jidixebi's Armour Emporium.
  1559 | D        | Killed an orc high priest
  1561 | D        | Found Tempigh's Antique Weapon Shoppe.
  1566 | D        | Noticed an orc high priest
  1571 | D        | HP: 3/111 [orange demon[an orc sorcerer] (8)]
  1579 | D        | Reached skill level 17 in Shields
  1588 | D        | Killed an orc high priest
  1655 | D        | Bought the +1 plate armour of True Grit {rElec rC+ rN+ Regen+} for 691 gold pieces
  1831 | D        | Noticed Harold
  1841 | D        | Killed Harold
  1872 | D        | Noticed Erolcha
  1879 | D        | Killed Erolcha
  1879 | D        | Reached skill level 15 in Maces & Flails
  1978 | D        | Noticed an eight-headed hydra
  1985 | D        | Killed an eight-headed hydra
  1988 | D        | Noticed a vampire mage
  1998 | D        | Noticed a stone giant
  2011 | D        | Killed a vampire mage
  2020 | D        | Noticed a vampire knight
  2023 | D        | Noticed a fire giant
  2029 | D        | Killed a stone giant
  2029 | D        | Reached skill level 18 in Shields
  2035 | D        | Noticed a fire dragon
  2046 | D        | Killed a vampire knight
  2046 | D        | Reached XP level 13. HP: 81/120 MP: 13/13
  2056 | D        | Killed a fire giant
  2066 | D        | Killed a fire dragon
  2229 | D        | Noticed Maurice
  2244 | D        | Killed Maurice
  2272 | D        | Noticed Aizul
  2274 | D        | Noticed Grum
  2302 | D        | Killed Aizul
  2303 | D        | HP: 4/121 [poisoned by Aizul (poison arrow)]
  2305 | D        | Succumbed to Aizul's poison arrow

Vault maps used:
D:        linesprint

Skill      XL: |  1  2  3  4  5  6  7  8  9 10 11 12 13 |
---------------+----------------------------------------+-----
Shields        | 4 6 8 9 10 11 13 14 16 18 | 18.9
Fighting       | 5 7 8 9 10 12 13 15 17 | 17.5
Maces & Flails | 4 6 7 8 9 11 12 14 15 16 | 16.2
Armour         | 5 7 8 9 10 12 13 15 17 | 17.6

Action                   |  1- 3 |  4- 6 |  7- 9 | 10-12 | 13-15 || total
-------------------------+-------+-------+-------+-------+-------++-------
Melee: Flail             |    23 |     8 |       |       |       ||    31
       Dire flail        |       |    12 |    80 |    83 |       ||   175
       Mace              |       |       |       |   247 |    45 ||   292
Invok: Call Merchant     |       |       |     1 |     3 |       ||     4
       Potion Petition   |       |       |       |     2 |     1 ||     3
 Abil: Dig               |       |       |     1 |       |       ||     1
  Use: Potion            |     1 |       |       |    13 |     7 ||    21
 Stab: Distracted        |       |     1 |     2 |     4 |       ||     7
       Invisible         |       |       |       |     3 |       ||     3
       Petrifying        |       |       |       |     1 |       ||     1
  Eat: Chunk             |       |     5 |       |       |       ||     5
       Bread ration      |       |       |     1 |       |       ||     1
Armor: Scale mail        |     8 |       |       |       |       ||     8
       Chain mail        |       |     3 |    24 |    26 |       ||    53
       Plate armour      |       |       |       |    24 |    20 ||    44
Dodge: Dodged            |     4 |     4 |    17 |    49 |     9 ||    83
Block: Shield            |    11 |     9 |    34 |   135 |    25 ||   214
